 Dungeon Crawl Stone Soup version 0.24-a0-489-g1c7b743a30 (webtiles) character file.

Game seed: 14612908150194780441

8386 KristoblXynda the Grappler (level 11, 0/97 HPs)
             Began as a Troll Wizard on July 11, 2019.
             Was an Elder of Cheibriados.
             Slain by a guardian mummy (17 damage)
             ... on level 10 of the Dungeon.
             The game lasted 00:24:28 (8818 turns).

KristoblXynda the Grappler (Troll Wizard)           Turns: 8818, Time: 00:24:29

Health: 0/97       AC: 14    Str: 26    XL:     11   Next: 9%
Magic:  0/13       EV: 10    Int: 26    God:    Cheibriados [****..]
Gold:   546        SH:  0    Dex: 17    Spells: 7/14 levels left

rFire    . . .     SeeInvis .     - Unarmed
rCold    . . .     Gourm    +   (no shield)
rNeg     . . .     Faith    .   x - +2 robe {Archmagi}
rPois    .         Spirit   +   b - +1 hat
rElec    .         Reflect  .   C - scarf {Spirit}
rCorr    .         Harm     .   (gloves unavailable)
MR       .....                  (boots unavailable)
Stlth    ++........             (no amulet)
HPRegen  0.66/turn              m - +6 ring of slaying
MPRegen  0.13/turn              f - +5 ring of protection

@: very slow
A: large, unfitting armour, claws 3, fast metabolism 3, gourmand, regeneration
1, shaggy fur 1, tough skin 3
a: Bend Time, Temporal Distortion, Slouch, Renounce Religion


You were on level 10 of the Dungeon.
You worshipped Cheibriados.
Cheibriados was greatly pleased with you.
You were full.

You visited 2 branches of the dungeon, and saw 11 of its levels.
You also visited: Sewer and Ossuary.

You collected 546 gold pieces.

Inventory:

Hand Weapons
 v - a +2 whip of flaming
Armour
 b - a +1 hat (worn)
 h - the cursed +1 acid dragon scales of the Pink Corner {rC- rCorr Str+3 Int+8 Stlth-}
   (You found it on level 4 of the Dungeon)

   It affects your strength (+3).
   It affects your intelligence (+8).
   It makes you vulnerable to cold.
   It provides partial protection from all sources of acid and corrosion.
   It makes you less stealthy.
   It has a curse placed upon it.
 x - a +2 robe of the Archmagi (worn)
 C - a scarf of spirit shield (worn)
Magical Staves
 g - an uncursed staff of wizardry
Jewellery
 a - an uncursed ring of protection from cold
 f - a +5 ring of protection (right claw)
 k - an uncursed ring of poison resistance
 m - a +6 ring of slaying (left claw)
Wands
 w - a wand of paralysis (1)
 y - a wand of iceblast (4)
 G - a wand of digging (3)
 J - a wand of enslavement (4)
Scrolls
 e - 2 scrolls of blinking
 j - a scroll of magic mapping
 r - 9 scrolls of teleportation
 u - a scroll of enchant weapon
 z - a scroll of amnesia
 D - 2 scrolls of remove curse
Potions
 i - 2 potions of might
 l - a potion of ambrosia
 n - a potion of agility
 q - 2 potions of flight
 s - a potion of invisibility
 t - 2 potions of brilliance
 A - a potion of magic
 B - 2 potions of mutation
Miscellaneous
 K - a phial of floods (inert)
Comestibles
 d - 14 rations


   Skills:
 - Level 3.1 Fighting
 - Level 2.3 Staves
 - Level 1.5 Dodging
 - Level 1.0 Stealth
 - Level 10.0 Unarmed Combat
 - Level 2.0 Spellcasting
 + Level 8.8 Conjurations
   Level 0.6 Summonings
   Level 0.6 Translocations
 + Level 5.1 Invocations
 + Level 1.7 Evocations


You had 7 spell levels left.
You knew the following spells:

 Your Spells              Type           Power        Failure   Level  Hunger
a - Magic Dart            Conj           ####         1%          1    None
b - Mephitic Cloud        Conj/Pois/Air  ####....     10%         3    ###....
c - Conjure Flame         Conj/Fire      #####...     4%          3    ###....

Your spell library contained the following spells:

 Spells                   Type           Power        Failure   Level  Hunger
 Blink                    Tloc           N/A          12%         2    ##.....
 Call Imp                 Summ           #.......     12%         2    ##.....
 Slow                     Hex            #.......     16%         2    ##.....


Dungeon Overview and Level Annotations

Branches:
Dungeon (10/15)            Temple (1/1) D:6
   Lair: D:8-11         Orc: D:9-12

Altars:
Ashenzari
Cheibriados
Dithmenos
Elyvilon
Fedhas
Gozag
Hepliaklqana
Kikubaaqudgha
Makhleb
Nemelex Xobeh
Okawaru
Qazlal
Ru
Sif Muna
Trog
Uskayaw
Vehumet
Wu Jian
Xom
Yredelemnul
Zin
The Shining One

Portals:
Trove: D:10 (give +4 ice dragon scales)

Annotations:
D:7 1 runed translucent door, vurker's ghost, novice OpFE
D:8 1 runed translucent door, zkyp's ghost, novice CeEn


Innate Abilities, Weirdness & Mutations

You are too large for most types of armour.
You have claws for hands.
Your metabolism is lightning-fast.
You like to eat raw meat.
Your natural rate of healing is unusually fast.
You are covered in fur. (AC +1)
You have extremely tough skin. (AC +3)


Message History

Unknown command.
Evoke which item? (* to show all) (? for menu, Esc to quit)
Aiming: Paralyse
Press: ? - help, Shift-Dir - straight line, f/p - guardian mummy
Aim: a guardian mummy (heavily damaged, chance to defeat MR: 33%)
The guardian mummy easily resists.
The guardian mummy hits you but does no damage.
Unknown command.
Evoke which item? (* to show all) (? for menu, Esc to quit)
Aim the phial where?
Press: ? - help, Shift-Dir - straight line, f/p - guardian mummy
Aim: a guardian mummy (heavily damaged)
The torrent of water hits the guardian mummy.
The guardian mummy is severely damaged.
The wave splashes down.
Splash!
You fall into the shallow water.
Moving in this stuff is going to be slow.
The water rises up and takes form.
The guardian mummy hits you!!
You die...

#....)..## #..#.....#
### ###..#.##..# #..
#..........# #.#
#.##.###...#####.#
##'##.###..........
##E≈$##.....######.#
##..≈M≈####.## ##..#
#$.8@8≈$#.#.#####.#..
#$.....$#......#.###.
#$.8.8.$#...##..## ##
##.....##....#.## #
##.∩.##........## ##
#####......#...###)
#.............#.#
#..........##.##
##.>.......#####


You could see a guardian mummy and a friendly water elemental.

Vanquished Creatures
  A two-headed ogre (D:8)
  Pikel (D:5)
  Joseph (D:8)
  A guardian mummy (D:10)
  Grinder (D:3)
  A hippogriff (D:9)
  Sigmund (D:4)
  Eustachio (D:5)
  6 yaks (D:8)
  2 hungry ghosts
  Menkaure (D:6)
  Edmund (D:5)
  A black bear (D:10)
  2 orc warriors (D:9)
  7 sky beasts
  An ice beast (D:10)
  4 slaves (D:5)
  A necrophage (D:9)
  3 phantoms
  6 ogres
  2 centaurs
  A big kobold (D:7)
  5 bullfrogs
  Blork the orc (D:4)
  2 elf skeletons (D:8)
  4 scorpions
  A water moccasin skeleton (D:8)
  3 killer bees (D:8)
  A centaur zombie (D:7)
  A bullfrog zombie (D:10)
  4 crimson imps
  A jelly (D:9)
  7 hounds
  3 orc priests
  2 bullfrog skeletons (D:9)
  3 human skeletons (D:8)
  9 orc wizards
  2 human zombies (Ossuary)
  Jessica (D:3)
  An iguana (D:7)
  Natasha (D:3)
  6 worker ants
  A big kobold zombie (Ossuary)
  2 hound skeletons
  2 mummies (Ossuary)
  A worker ant zombie (D:2)
  3 gnolls (D:3)
  17 river rats
  24 adders
  A shadow imp (D:6)
  2 oozes
  2 adder zombies (Ossuary)
  2 adder skeletons
  5 worms
  A dart slug (D:1)
  3 leopard geckos
  21 orcs
  8 ball pythons
  9 bats
  4 giant cockroaches
  5 goblins
  7 hobgoblins
  14 jackals
  7 quokkas (D:5)
  7 frilled lizards
  12 hobgoblin zombies (Ossuary)
  A jackal skeleton (D:5)
  10 kobolds
  10 kobold zombies (Ossuary)
  A leopard gecko skeleton (D:4)
  An orc skeleton (D:8)
  9 orc zombies (Ossuary)
  A quokka skeleton (D:4)
  43 rats
  A rat zombie (Ossuary)
341 creatures vanquished.

Notes
Turn   | Place    | Note
-------+----------+-------------------------------------------
     0 | D:1      | KristoblXynda the Troll Wizard began the quest for the Orb.
     0 | D:1      | Reached XP level 1. HP: 16/16 MP: 2/2
    44 | D:1      | Found a shattered altar of Ashenzari.
    60 | D:1      | Reached skill level 1 in Conjurations
    66 | D:1      | Reached skill level 1 in Unarmed Combat
    68 | D:1      | Reached XP level 2. HP: 19/24 MP: 4/4
   712 | D:2      | Reached XP level 3. HP: 27/31 MP: 5/5
   716 | D:2      | Found a shadowy altar of Dithmenos.
   732 | D:2      | Learned a level 3 spell: Mephitic Cloud
   970 | D:2      | Reached skill level 2 in Unarmed Combat
  1057 | D:2      | Reached XP level 4. HP: 39/39 MP: 6/6
  1327 | D:2      | Found a hide-covered altar of Uskayaw.
  1628 | D:3      | Noticed Natasha
  1635 | D:3      | Killed Natasha
  1635 | D:3      | Reached skill level 3 in Unarmed Combat
  1715 | D:3      | Noticed Jessica
  1716 | D:3      | Killed Jessica
  1716 | D:3      | Reached XP level 5. HP: 45/45 MP: 7/7
  1887 | D:3      | Found a sacrificial altar of Ru.
  1896 | D:3      | Found an ancient bone altar of Kikubaaqudgha.
  2007 | D:3      | Noticed Grinder
  2019 | D:3      | Killed Grinder
  2019 | D:3      | Reached skill level 4 in Unarmed Combat
  2019 | D:3      | Reached XP level 6. HP: 41/53 MP: 5/8
  2028 | D:3      | You fall into a shaft and drop 3 floors!
  2058 | D:6      | Noticed Menkaure
  2076 | D:6      | Killed Menkaure
  2076 | D:6      | Reached skill level 5 in Unarmed Combat
  2076 | D:6      | Reached XP level 7. HP: 42/59 MP: 9/9
  2162 | D:5      | Entered Level 5 of the Dungeon
  2259 | D:5      | Noticed Edmund
  2268 | D:5      | Killed Edmund
  2268 | D:5      | Reached skill level 6 in Unarmed Combat
  2397 | D:5      | Found a glowing drain.
  2410 | Sewer    | Entered a sewer
  2425 | Sewer    | Reached XP level 8. HP: 67/67 MP: 8/10
  2517 | Sewer    | Reached skill level 5 in Conjurations
  2724 | Sewer    | Reached skill level 7 in Unarmed Combat
  2988 | D:5      | Noticed Eustachio
  3086 | D:5      | Killed Eustachio
  3198 | D:5      | Noticed Pikel
  3217 | D:5      | Killed Pikel
  3217 | D:5      | Reached skill level 8 in Unarmed Combat
  3217 | D:5      | Reached XP level 9. HP: 38/74 MP: 11/11
  3795 | D:4      | Noticed Sigmund
  3818 | D:4      | Killed Sigmund
  3820 | D:4      | Reached skill level 9 in Unarmed Combat
  3874 | D:4      | Found a burning altar of Makhleb.
  3941 | D:4      | Got distressingly furry acid dragon scales
  3947 | D:4      | Identified the cursed +1 acid dragon scales of the Pink
                  | Corner {rC- rCorr Str+3 Int+8 Stlth-} (You found it on
                  | level 4 of the Dungeon)
  4101 | D:4      | Found a white marble altar of Elyvilon.
  4130 | D:4      | Noticed Blork the orc
  4138 | D:4      | Killed Blork the orc
  4201 | D:4      | You fall into a shaft and drop 2 floors!
  4298 | D:6      | Found a basalt altar of Yredelemnul.
  4527 | D:6      | Found a staircase to the Ecumenical Temple.
  4587 | Temple   | Entered the Ecumenical Temple
  4635 | Temple   | Became a worshipper of Cheibriados the Contemplative
  5169 | D:7      | Learned a level 3 spell: Conjure Flame
  5177 | D:7      | Reached skill level 1 in Invocations
  5212 | D:7      | Reached skill level 10 in Unarmed Combat
  5363 | D:7      | Reached * piety under Cheibriados
  5472 | D:7      | Found a runed translucent door.
  5473 | D:7      | Found a sparkling altar of Nemelex Xobeh.
  5540 | D:7      | Reached XP level 10. HP: 81/81 MP: 6/12
  5934 | D:7      | Noticed vurker's ghost (novice OpFE)
  5980 | D:8      | Noticed a two-headed ogre
  6000 | D:8      | Killed a two-headed ogre
  6000 | D:8      | Reached skill level 1 in Staves
  6046 | D:8      | Found a sand-covered staircase.
  6058 | Ossuary  | Entered an ossuary
  6238 | Ossuary  | Reached ** piety under Cheibriados
  6922 | D:8      | Found a radiant altar of Vehumet.
  7011 | D:8      | Found an ornate altar of the Wu Jian Council.
  7012 | D:8      | Found a glowing silver altar of Zin.
  7018 | D:8      | Found a runed translucent door.
  7035 | D:8      | Noticed Joseph
  7040 | D:8      | Reached skill level 1 in Fighting
  7068 | D:8      | Killed Joseph
  7167 | D:8      | Found a burning altar of Makhleb.
  7168 | D:8      | Found a shimmering altar of Xom.
  7246 | D:8      | Found a shimmering altar of Xom.
  7246 | D:8      | Noticed a +1 short sword of chaos
  7246 | D:8      | Noticed zkyp's ghost (novice CeEn)
  7296 | D:9      | Reached *** piety under Cheibriados
  8015 | D:9      | Reached skill level 1 in Evocations
  8342 | D:9      | Reached XP level 11. HP: 97/97 MP: 13/13
  8391 | D:9      | Reached **** piety under Cheibriados
  8605 | D:10     | Entered Level 10 of the Dungeon
  8752 | D:10     | Reached skill level 5 in Invocations
  8802 | D:10     | Found a portal to a secret trove of treasure.
  8818 | D:10     | Slain by a guardian mummy

Levels and vault maps discovered:
D:1:      ncdulo_wetmaze, layout_loops_ring, evilmike_ruin_ashenzari
D:2:      layout_loops_cross, overflow_temple_1_default,
          grunt_dithmenos_smoke_and_mirrors, palyth_stone_intersect
D:3:      layout_loops_corners, grunt_temple_overflow_open,
          minmay_misc_feat_nine_boxes, uniq_grinder, uniq_natasha, uniq_jessica
D:4:      layout_basic, nicolae_overflow_crystal_walls,
          makhleb_heckhound_becter, uniq_sigmund, uniq_blork_the_orc
D:5:      lemuel_ratsnest, layout_layer_cave, first_ration,
          lightli_sewer_entry_pipes, minmay_misc_feat_tiny, uniq_edmund,
          uniq_pikel, uniq_eustachio
D:6:      layout_loops_ring, yredelemnul_altar_generic,
          minmay_temple_entry_stoned_glass, dk_noncrumbling_3, uniq_menkaure
D:7:      layout_basic, nemelex_xobeh_ov_fountains_minmay, serial_curves,
          eino_curves_01, eino_curves_03, ebering_ghost_reflecting_pool
D:8:      layout_rooms, grunt_temple_overflow_champion_of_chaos,
          kennysheep_mini, marbit_many_paths, nicolae_ossuary_entry_catacombs,
          basic_altar, ebering_ghost_xom, uniq_joseph
D:9:      layout_small_grid
D:10:     layout_loops_cross, david_lair_generic,
          nicolae_trove_entry_path_of_doom
Temple:   zaba_magenta_temple

Skill      XL: |  1  2  3  4  5  6  7  8  9 10 11 |
---------------+----------------------------------+-----
Conjurations   | 1 2 3 4 6 7 8 |  8.8
Unarmed Combat | 1 2 3 4 5 6 8 10 | 10.0
Invocations    | 1 4 5 |  5.1
Staves         | 2 |  2.3
Fighting       | 3 |  3.1
Evocations     | 1 |  1.7
Dodging        | |  1.5
Stealth        | |  1.0
Spellcasting   | |  2.0
Summonings     | |  0.6
Translocations | |  0.6

Action                   |  1- 3 |  4- 6 |  7- 9 | 10-12 || total
-------------------------+-------+-------+-------+-------++-------
Melee: Unarmed           |    89 |    88 |   458 |    99 ||   734
       Punch             |       |       |     9 |    20 ||    29
       Staff             |       |       |    35 |   192 ||   227
 Cast: Magic Dart        |     9 |     6 |    46 |   104 ||   165
       Mephitic Cloud    |       |       |     2 |     7 ||     9
       Conjure Flame     |       |       |       |     8 ||     8
Evoke: Wand              |       |       |       |     7 ||     7
       Phial of floods   |       |       |       |     1 ||     1
  Use: Scroll            |     1 |     3 |    16 |    14 ||    34
       Potion            |       |       |     3 |     7 ||    10
 Stab: Sleeping          |     2 |     1 |     1 |     2 ||     6
       Paralysed         |       |       |       |     7 ||     7
       Confused          |       |       |       |     1 ||     1
  Eat: Chunk             |    15 |    10 |    28 |    29 ||    82
       Ration            |       |       |       |     5 ||     5
Armor: Robe              |    60 |    35 |   280 |   191 ||   566
Dodge: Dodged            |    50 |    24 |   250 |   172 ||   496

Table legend:
 A = Non-vault XP
 B = Vault XP
 C = Vault XP percentage of total XP
 D = Non-vault monster count
 E = Vault monster count
 F = Vault count percentage of total count
                 A         B        C        D         E       F
            +---------+---------+-------+---------+---------+-------
      Total |    7938 |    4042 |  33.7 |     189 |     148 |  43.9
            +---------+---------+-------+---------+---------+-------
        D:1 |      27 |       0 |   0.0 |      14 |       0 |   0.0
        D:2 |     112 |       0 |   0.0 |      30 |       0 |   0.0
        D:3 |     125 |     334 |  72.8 |      19 |       3 |  13.6
        D:4 |     384 |     341 |  47.0 |      18 |       3 |  14.3
        D:5 |     500 |    1419 |  73.9 |      13 |      44 |  77.2
        D:6 |     410 |     165 |  28.7 |       7 |       1 |  12.5
        D:7 |    1561 |       0 |   0.0 |      27 |       0 |   0.0
        D:8 |    2558 |     856 |  25.1 |      16 |       9 |  36.0
        D:9 |    1748 |       0 |   0.0 |      38 |       0 |   0.0
       D:10 |     513 |     337 |  39.6 |       7 |       1 |  12.5
      Sewer |       0 |     401 | 100.0 |       0 |      48 | 100.0
    Ossuary |       0 |     189 | 100.0 |       0 |      39 | 100.0
            +---------+---------+-------+---------+---------+-------
